 Seeded DCSS version 0.31-a0-360-gb3e1d13bf4 (webtiles) character file.

Game seed: 13532415758814214178 (custom seed)

142 innerfire43 the Ducker (level 5, -2/41 HPs)
             Began as a Demonspawn Monk on July 26, 2023.
             Slain by Duvessa
             ... wielding a +0 short sword
              (11 damage)
             ... on level 4 of the Dungeon.
             The game lasted 00:02:05 (2239 turns).

innerfire43 the Ducker (Demonspawn Monk)            Turns: 2239, Time: 00:02:06

Health: -2/41      AC: 10    Str: 14    XL:     5   Next: 4%
Magic:  5/5        EV: 13    Int: 11    God:
Gold:   182        SH:  4    Dex: 15    Spells: 4/4 levels left

rFire   + . .        p - +5 trident "Spiderbane" {protect, rF+}
rCold   . . .        d - orb {light}
rNeg    . . .        b - +1 robe
rPois   .            (helmet currently unavailable)
rElec   .            (cloak currently unavailable)
rCorr   .            (gloves currently unavailable)
SInv    .            (boots currently unavailable)
Will    .....        (no amulet)
Stlth   +            (no ring)
HPRegen 0.26/turn    (no ring)
MPRegen 0.09/turn

%: no passive effects
@: beast-form, under a protective aura, glowing
A: beast (slay +1), hooves 1, large bone plates 1, foul stench 1
a: Begin Untransformation


You were on level 4 of the Dungeon.
You were a hulking beast.
You visited 1 branch of the dungeon, and saw 4 of its levels.

You collected 369 gold pieces.
You spent 187 gold pieces at shops.

Inventory:

Hand Weapons
 a - a +0 spear
 p - the +5 trident "Spiderbane" (weapon) {protect, rF+}
   (You bought it in a shop on level 3 of the Dungeon)

   rF:        It protects you from fire.
Armour
 b - a +1 robe (worn)
 d - an orb of light (worn)
Jewellery
 s - a ring of wizardry
Talismans
 j - a beast talisman
Scrolls
 g - a scroll of identify {unknown}
 l - a scroll of poison {unknown}
 m - a scroll of fog {unknown}
Potions
 c - a potion of ambrosia
 f - a potion of resistance {unknown}
 h - a potion of curing {unknown}
 i - a potion of enlightenment {unknown}
 k - a potion of might {unknown}
 n - a potion of mutation {unknown}
 q - a potion of invisibility {unknown}
 r - a potion of brilliance {unknown}


   Skills:
 - Level 3.0 Fighting
 + Level 3.1 Polearms
 + Level 3.2 Dodging
 * Level 2.3 Unarmed Combat
 * Level 2.0 Shapeshifting


You had 4 spell levels left.
You didn't know any spells.
Your spell library contained the following spells:

 Spells                   Type           Power      Damage    Failure   Level
 Scorch                   Fire           0%         2d5       47%         2
 Flame Wave               Conj/Fire      0%         2d4       98%         4
 Summon Cactus Giant      Summ           0%         N/A       100%        6


Dungeon Overview and Level Annotations

Branches:
Dungeon (4/15)
 Temple: D:4-7

Altars:

Shops:
D:3 (

Annotations:
D:3 2 transporters
D:4 Duvessa


Innate Abilities, Weirdness & Mutations

You are a hulking beast.
Your limbs bulge with bestial killing power. (Slay +1)
You have large cloven feet.
You are partially covered in large bone plates. (SH +4)
You may rarely emit foul miasma when damaged in melee.


Message History

Duvessa hits you but does no damage.
You hit Duvessa. You kick Duvessa, but do no damage.
Duvessa is lightly wounded.
Duvessa closely misses you. Duvessa misses you.
You puncture Duvessa! You kick Duvessa, but do no damage.
Duvessa is moderately wounded.
Duvessa hits you with a +0 short sword! x2
* * * LOW HITPOINT WARNING * * *
You puncture Duvessa! You kick Duvessa, but do no damage.
Duvessa is heavily wounded.
Duvessa hits you but does no damage. Duvessa hits you with a +0 short sword.
* * * LOW HITPOINT WARNING * * *
It was a potion of heal wounds.
You feel much better. Duvessa closely misses you.
You hit Duvessa but do no damage. You kick Duvessa, but do no damage.
Duvessa is heavily wounded.
Duvessa closely misses you. Duvessa hits you but does no damage.
You hit Duvessa but do no damage. You kick Duvessa, but do no damage.
Duvessa is heavily wounded.
Duvessa hits you with a +0 short sword! Duvessa hits you with a +0 short sword.
* * * LOW HITPOINT WARNING * * *
You hit Duvessa.
Duvessa is heavily wounded.
Duvessa hits you with a +0 short sword.
* * * LOW HITPOINT WARNING * * *
Unknown command.
You hit Duvessa.
Duvessa is severely wounded.
Duvessa misses you. Duvessa barely misses you.
You hit Duvessa.
Duvessa is severely wounded.
Duvessa hits you but does no damage. Duvessa misses you.
You completely miss Duvessa. You kick Duvessa, but do no damage.
Duvessa is severely wounded.
Duvessa hits you but does no damage. Duvessa hits you with a +0 short sword.
* * * LOW HITPOINT WARNING * * *
You completely miss Duvessa. You kick Duvessa, but do no damage.
Duvessa is severely wounded.
Duvessa hits you with a +0 short sword!
You die...

#.# #.#
#######.#
##.......# ##
###........#
#... #..
#......##.....
..###.....e....#
#.#....)h##
#.............#
#........##.#.#
#.###.##.# # #<#
#.##.# #.#
#..#.# #.#
##.#.# #.# ....
#.# #.


You could see Duvessa (berserk).

Vanquished Creatures
  Dowan (D:4)
  An iguana (D:4)
  An adder (D:3)
  2 worms (D:3)
  2 dart slugs
  4 ball pythons
  4 endoplasms
  2 giant cockroaches (D:1)
  5 goblins
  3 hobgoblins
  7 kobolds
  2 quokkas (D:3)
  9 bats
  3 frilled lizards
  3 rats
49 creatures vanquished.

Notes
Turn   | Place    | Note
-------+----------+-------------------------------------------
     0 | D:1      | innerfire43 the Demonspawn Monk began the quest for the
                  | Orb.
     0 | D:1      | Reached XP level 1. HP: 18/18 MP: 1/1
   140 | D:1      | Gained mutation: You are partially covered in large bone
                  | plates. (SH +4) [demonic ancestry]
   140 | D:1      | Reached XP level 2. HP: 24/24 MP: 2/2
   234 | D:1      | Reached skill level 1 in Unarmed Combat
   492 | D:2      | Reached skill level 1 in Shapeshifting
   602 | D:2      | Gained mutation: You have large cloven feet. [demonic
                  | ancestry]
   602 | D:2      | Reached XP level 3. HP: 29/29 MP: 3/3
  1402 | D:3      | Found a transporter.
  1407 | D:3      | Found a transporter.
  1502 | D:3      | Found Heteeque's Antique Weapon Boutique.
  1510 | D:3      | Bought a pitted trident for 187 gold pieces
  1510 | D:3      | Identified the +5 trident "Spiderbane" {protect, rF+} (You
                  | bought it in a shop on level 3 of the Dungeon)
  2019 | D:3      | Gained mutation: You may rarely emit foul miasma when
                  | damaged in melee. [demonic ancestry]
  2019 | D:3      | Reached XP level 4. HP: 35/35 MP: 4/4
  2215 | D:4      | Noticed Dowan
  2224 | D:4      | Killed Dowan
  2224 | D:4      | Noticed Duvessa
  2225 | D:4      | Reached XP level 5. HP: 28/41 MP: 5/5
  2239 | D:4      | Slain by Duvessa

Illustrated notes

Levels and vault maps discovered:
D:1:      scummos_arrival_simple_crosswalls, layout_rooms
D:2:      layout_basic
D:3:      gammafunk_steamed_eel, layout_loops_corners, serial_shops, shop,
          minmay_gold_behind_fungi, dk_noncrumbling_3
D:4:      layout_loops_ring, minmay_temple_entry_butterflies, uniq_duvessa

Skill      XL: |  1  2  3  4 |
---------------+-------------+-----
Unarmed Combat | 1 2 |  2.3
Shapeshifting  | 1 2 |  2.0
Polearms       | 3 |  3.1
Dodging        | 3 |  3.2
Fighting       | |  3.0

Action                     |  1- 3 |  4- 6 || total
---------------------------+-------+-------++-------
  Melee: Spear             |    98 |       ||    98
         Trident           |    16 |    23 ||    39
         Kick              |     9 |    12 ||    21
    Use: Scroll            |       |     1 ||     1
         Potion            |       |     1 ||     1
 Armour: Robe              |    16 |     5 ||    21
  Dodge: Dodged            |    45 |     9 ||    54
  Block: Orb               |     6 |     3 ||     9
   Form: Beast             |     1 |       ||     1

Table legend: (Time is in decaauts)
 A = Elapsed time spent in this place.
 B = Non-inter-level travel time spent in this place.
 C = Inter-level travel time spent in this place.
 D = Time resting spent in this place.
 E = Time spent auto-exploring this place.
 F = Levels seen in this place.
 G = Mean time per level.
                   A        B        C        D        E       F      G
               +--------+--------+--------+--------+--------+-----+--------+
         Total |   2239 |   2074 |    165 |      0 |   1740 |   4 |  559.8 |
       Dungeon |   2239 |   2074 |    165 |      0 |   1740 |   4 |  559.8 |
               +--------+--------+--------+--------+--------+-----+--------+

Top non-repeatable levels by time:
     D:3: 1039 daAuts
     D:2: 690 daAuts
     D:1: 475 daAuts
     D:4: 32 daAuts
